 Dungeon Crawl Stone Soup version 0.26-a0-658-gbdda728c12 (webtiles) character file.

Game seed: 14047192129588126600

115 Grim the Vexing (level 4, -2/24 HPs)
             Began as a Deep Elf Arcane Marksman on Oct 5, 2020.
             Slain by an orc
             ... wielding a +0 flail
              (7 damage)
             ... on level 3 of the Dungeon.
             The game lasted 00:09:47 (4601 turns).

Grim the Vexing (Deep Elf Arcane Marksman)          Turns: 4601, Time: 00:09:47

Health: -2/24      AC:  3    Str:  7    XL:     4   Next: 68%
Magic:  8/8        EV: 12    Int: 18    God:
Gold:   180        SH:  0    Dex: 16    Spells: 3/6 levels left

rFire    . . .     SeeInvis .   a - +0 shortbow
rCold    . . .     Faith    .   (shield currently unavailable)
rNeg     . . .     Spirit   .   h - +0 leather armour (curse)
rPois    .         Reflect  .   (no helmet)
rElec    .         Harm     .   (no cloak)
rCorr    .         Rampage  .   (no gloves)
MR       .....                  (no boots)
Stlth    +.........             (no amulet)
HPRegen  0.08/turn              (no ring)
MPRegen  0.11/turn              (no ring)

@: no status effects
A: no striking features
a: no special abilities


You were on level 3 of the Dungeon.
You visited 1 branch of the dungeon, and saw 3 of its levels.

You collected 180 gold pieces.

Inventory:

Hand Weapons
 a - a +0 shortbow (weapon)
 b - a +0 short sword
Missiles
 d - 23 arrows (quivered)
Armour
 e - a +0 robe
 h - a cursed +0 leather armour (worn)
 o - a +0 helmet
Jewellery
 m - a cursed -4 ring of dexterity {unknown}
Wands
 r - a wand of digging (3)
Scrolls
 g - 3 scrolls of identify {unknown}
 i - 2 scrolls of remove curse {unknown}
 j - a scroll of teleportation {unknown}
 k - 2 scrolls of fog {unknown}
 n - 2 scrolls of amnesia {unknown}
 p - a scroll of random uselessness {unknown}
 q - a scroll of blinking {unknown}
Potions
 c - 2 potions of resistance {unknown}
 f - 3 potions of curing
 l - a potion of lignification {unknown}


   Skills:
 - Level 0.7 Fighting
 + Level 5.0 Bows
 - Level 2.4 Dodging
 - Level 1.5 Spellcasting
 + Level 5.8 Hexes


You had 3 spell levels left.
You knew the following spells:

 Your Spells              Type           Power        Failure   Level
a - Corona                Hex            ###....      2%          1
b - Slow                  Hex            ###.....     4%          2

Your spell library contained the following spells:

 Spells                   Type           Power        Failure   Level
 Inner Flame              Hex/Fire       ##......     26%         3
 Portal Projectile        Hex/Tloc       ##....       26%         3
 Cause Fear               Hex            ###.......   26%         4
 Leda's Liquefaction      Hex/Erth       ##........   65%         4


Dungeon Overview and Level Annotations

Branches:
Dungeon (3/15)

Altars:
Gozag
Nemelex Xobeh
Sif Muna
Zin


Message History

The orc wizard gestures wildly while chanting.
The orc wizard flickers and vanishes!
Deactivating autopickup; reactivate with Ctrl-A.
You shoot an arrow. The arrow hits the orc.
The orc is heavily wounded.
You hear some strange, mumbled words.
A puff of frost appears from out of thin air!
The puff of frost hits you!
* * * LOW HITPOINT WARNING * * *
The orc hits you with a +0 flail.
* * * LOW HITPOINT WARNING * * *
It was a potion of curing.
You feel better. Something hits you.
* * * LOW HITPOINT WARNING * * *
The orc barely misses you.
Firing (i - inventory)
d - 24 arrows (quivered)
Press: ? - help, Shift-Dir - straight line, p - orc You shoot an arrow.
Something hits you.
* * * LOW HITPOINT WARNING * * *
The orc hits you with a +0 flail!
You die...

#..............#
###
###..##.##.....#
#..##.##.#...>.
#........###.###
#...†.#### #.#
#(.#### #.#
#####..### .#
........o.#
.#####..#@#
#..#{## #...o.#
#.....(((.oo
#.......######
#.......#
#.##.#..# #.
#.#(.# . #.....


You could see 2 orcs.

Vanquished Creatures
  4 adders
  3 worms (D:2)
  2 dart slugs
  2 leopard geckos (D:2)
  2 orcs (D:3)
  6 giant cockroaches
  5 goblins
  10 hobgoblins
  2 quokkas (D:2)
  13 bats
  2 frilled lizards (D:2)
  6 kobolds
  8 rats
65 creatures vanquished.

Notes
Turn   | Place    | Note
-------+----------+-------------------------------------------
     0 | D:1      | Grim the Deep Elf Arcane Marksman began the quest for the
                  | Orb.
     0 | D:1      | Reached XP level 1. HP: 11/11 MP: 5/5
   354 | D:1      | Reached XP level 2. HP: 12/16 MP: 3/6
  1540 | D:2      | Reached XP level 3. HP: 6/20 MP: 7/7
  2290 | D:2      | Reached skill level 5 in Hexes
  2296 | D:2      | Learned a level 2 spell: Slow
  2851 | D:2      | Found a sparkling altar of Nemelex Xobeh.
  2853 | D:2      | Found a shimmering blue altar of Sif Muna.
  3313 | D:2      | Reached XP level 4. HP: 21/24 MP: 8/8
  3703 | D:2      | Found an opulent altar of Gozag.
  3703 | D:2      | Found a glowing silver altar of Zin.
  4435 | D:3      | Reached skill level 5 in Bows
  4601 | D:3      | Slain by an orc

Illustrated notes

Levels and vault maps discovered:
D:1:      dpeg_arrival_rhombus, layout_basic
D:2:      layout_loops_cross, grunt_temple_overflow_gold_and_silver,
          chequers_temple_overflow_statue_of_worship
D:3:      layout_loops_ring

Skill      XL: |  1  2  3  4 |
---------------+-------------+-----
Bows           | 3 4 5 |  5.0
Hexes          | 5 |  5.8
Fighting       | |  0.7
Dodging        | |  2.4
Spellcasting   | |  1.5

Action                   |  1- 3 |  4- 6 || total
-------------------------+-------+-------++-------
Melee: Short sword       |    41 |    15 ||    56
 Fire: Shortbow          |   144 |    70 ||   214
 Cast: Corona            |    38 |     8 ||    46
       Slow              |     6 |     8 ||    14
  Use: Potion            |       |     1 ||     1
 Stab: Sleeping          |       |     1 ||     1
Armor: Leather armour    |    29 |     9 ||    38
Dodge: Dodged            |    59 |    43 ||   102

Table legend: (Time is in decaauts)
 A = Elapsed time spent in this place.
 B = Non-inter-level travel time spent in this place.
 C = Inter-level travel time spent in this place.
 D = Time resting spent in this place.
 E = Time spent auto-exploring this place.
 F = Levels seen in this place.
 G = Mean time per level.
                   A        B        C        D        E       F      G
               +--------+--------+--------+--------+--------+-----+--------+
         Total |   4615 |   4538 |     77 |   1534 |   2130 |   3 | 1538.3 |
       Dungeon |   4615 |   4538 |     77 |   1534 |   2130 |   3 | 1538.3 |
               +--------+--------+--------+--------+--------+-----+--------+

Top non-repeatable levels by time:
     D:2: 2061 daAuts
     D:1: 1757 daAuts
     D:3: 796 daAuts
